 Dungeon Crawl Stone Soup version 0.29.1-15-g9cfb28693d (webtiles) character file.

Game seed: 7311655800628097886

21 Renzlar the Shield-Bearer (level 2, -1/29 HPs)
             Began as a Gnoll Fighter on Mar 10, 2023.
             Slain by a goblin
             ... wielding a +0 club
             ... led by Robin
              (2 damage)
             ... on level 2 of the Dungeon.
             The game lasted 00:01:51 (571 turns).

Renzlar the Shield-Bearer (Gnoll Fighter)            Turns: 571, Time: 00:01:52

Health: -1/29      AC: 12    Str: 15    XL:     2   Next: 87%
Magic:  2/2        EV:  9    Int:  7    God:
Gold:   113        SH:  5    Dex: 11    Spells: 2/2 levels left

rFire   . . .      SeeInvis .   a - +1 war axe
rCold   . . .      Faith    .   c - +0 buckler
rNeg    . . .      Spirit   .   b - +0 scale mail
rPois   .          Reflect  .   (no helmet)
rElec   .          Harm     .   f - +0 cloak
rCorr   .          Rampage  .   (no gloves)
Will    .....                   (no boots)
Stlth   ..........              (no amulet)
HPRegen 0.09/turn               (no ring)
MPRegen 0.08/turn               (no ring)

@: mighty
A: fangs 1, strong nose, distributed training, iridescent scales 1, shaggy fur 1
a: no special abilities


You were on level 2 of the Dungeon.
You visited 1 branch of the dungeon, and saw 2 of its levels.

You collected 113 gold pieces.

Inventory:

Hand Weapons
 a - a +1 war axe (weapon)
Armour
 b - a +0 scale mail (worn)
 c - a +0 buckler (worn)
 f - a +0 cloak (worn)
Scrolls
 e - a scroll of enchant weapon
Potions
 d - a potion of might


   Skills:
 + Level 6.5 Fighting
 + Level 0.5 Short Blades
 + Level 0.5 Long Blades
 + Level 4.5 Axes
 + Level 0.5 Maces & Flails
 + Level 0.5 Polearms
 + Level 0.5 Staves
 + Level 0.5 Ranged Weapons
 + Level 0.5 Throwing
 + Level 6.5 Armour
 + Level 0.5 Dodging
 + Level 0.5 Stealth
 + Level 6.5 Shields
 + Level 0.5 Unarmed Combat
 + Level 0.5 Spellcasting
 + Level 0.4 Conjurations
 + Level 0.4 Hexes
 + Level 0.4 Summonings
 + Level 0.4 Necromancy
 + Level 0.4 Translocations
 + Level 0.4 Transmutations
 + Level 0.4 Fire Magic
 + Level 0.4 Ice Magic
 + Level 0.4 Air Magic
 + Level 0.4 Earth Magic
 + Level 0.4 Poison Magic
 + Level 0.7 Invocations
 + Level 0.5 Evocations


You had 2 spell levels left.
You didn't know any spells.
Your spell library was empty.

Dungeon Overview and Level Annotations

Branches:
Dungeon (2/15)

Altars:
Qazlal

Annotations:
D:2 Robin


Innate Abilities, Weirdness & Mutations

You have very sharp teeth.
Your uncanny sense of smell can sniff out nearby items.
Your experience applies equally to all skills.
You are partially covered in iridescent scales. (AC +2)
You are covered in fur. (AC +1)


Message History

You miss the goblin. You bite the goblin.
You kill the goblin!
You hit the goblin.
The hobgoblin no longer looks unusually strong.
The goblin hits you but does no damage.
Unknown command.
You miss the goblin.
The goblin is severely wounded.
You closely miss the hobgoblin. The goblin barely misses you.
A goblin comes into view. It is wielding a +0 club.
The hobgoblin hits you but does no damage.
Unknown command.
You closely miss the goblin.
The goblin is severely wounded.
You hit the hobgoblin. You block the goblin's attack.
The hobgoblin hits you but does no damage.
Unknown command.
You closely miss the goblin.
The goblin is severely wounded.
You barely miss the hobgoblin.
The goblin no longer looks unusually strong.
The goblin hits you but does no damage. The hobgoblin barely misses you.
The goblin barely misses you.
The hobgoblin hits you but does no damage.
You slash the goblin!
You kill the goblin!
You barely miss the hobgoblin. The hobgoblin hits you.
* * * LOW HITPOINT WARNING * * *
Robin roars a battlecry!
The goblins go into a battle-frenzy!
You hear a shout!
The hobgoblin attacks as you move away!
The hobgoblin hits you but does no damage.
You hear a shout!
You see here a +0 club.
The hobgoblin attacks as you move away! The hobgoblin closely misses you.
Robin throws the goblin at you! The goblin hits you but does no damage.
The hobgoblin attacks as you move away! You block the hobgoblin's attack.
The goblin attacks as you move away! The goblin hits you with a +0 club.
You die...

########## #........##
#### #.##......###
..... #.##.._.....#
>.....###.##........##
....ggg.g.g...........
...#g####@###.########
#.# #........# #.#
#.######.#
..###.######.#
.............#
.#...#.#####..#
.#.#.... #..# ..#.#
#+# #..# #...


You could see Robin, a hobgoblin (strong) and 3 goblins.

Vanquished Creatures
  A worm (D:2)
  2 endoplasms (D:1)
  A giant cockroach (D:1)
  3 hobgoblins (D:1)
  A kobold (D:1)
  A ball python (D:1)
  7 goblins
16 creatures vanquished.

Notes
Turn   | Place    | Note
-------+----------+-------------------------------------------
     0 | D:1      | Renzlar the Gnoll Fighter began the quest for the Orb.
     0 | D:1      | Reached XP level 1. HP: 23/23 MP: 1/1
   140 | D:1      | Found a faded altar of an unknown god.
   194 | D:1      | Reached XP level 2. HP: 21/29 MP: 2/2
   531 | D:2      | Found a stormy altar of Qazlal.
   549 | D:2      | Noticed Robin
   559 | D:2      | Gained mutation: You are partially covered in iridescent
                  | scales. (AC +2) [potion of mutation]
   559 | D:2      | Gained mutation: You are covered in fur. (AC +1) [potion of
                  | mutation]
   568 | D:2      | HP: 1/29 [hobgoblin[Robin] (2)]
   571 | D:2      | Slain by a goblin

Illustrated notes

Levels and vault maps discovered:
D:1:      mrwooster_arrival_statue_3, layout_basic,
          shapermc_ecumenical_altar_mp_highgroup
D:2:      layout_basic, basic_altar, uniq_robin

Action                   || total
-------------------------++-------
Melee: War axe           ||    42
       Bite              ||     2
  Use: Potion            ||     2
       Scroll            ||     1
Armor: Scale mail        ||    22
Dodge: Dodged            ||    15
Block: Buckler           ||    13
